 Dungeon Crawl Stone Soup version 0.30-a0-374-g95c0257040 (webtiles) character file.

Game seed: 6561365189548261094

409 qeuew the Magician (level 6, -5/32 HPs)
             Began as a Deep Elf Conjurer on Nov 26, 2022.
             Slain by Ijyb
             ... wielding a +9 club
              (10 damage)
             ... on level 4 of the Dungeon.
             The game lasted 00:04:00 (3493 turns).

qeuew the Magician (Deep Elf Conjurer)              Turns: 3493, Time: 00:04:01

Health: -5/32      AC:  3    Str: 10    XL:     6   Next: 58%
Magic:  9/16       EV: 14    Int: 23    God:
Gold:   194        SH:  0    Dex: 15    Spells: 10/16 levels left

rFire   + . .      SeeInvis .    g - staff of conjuration
rCold   . . .      Faith    .    (no shield)
rNeg    . . .      Spirit   .    a - +1 robe
rPois   .          Reflect  .    (helmet restricted)
rElec   .          Harm     .    (no cloak)
rCorr   .          Rampage  .    (no gloves)
Will    .....                    (no boots)
Stlth   +++.......               (no amulet)
HPRegen 0.25/turn                c - +6 ring of strength
MPRegen 0.15/turn                (no ring)

@: no status effects
A: horns 1, fire resistance 1, evolution 1
a: no special abilities


You were on level 4 of the Dungeon.
You visited 1 branch of the dungeon, and saw 4 of its levels.

You collected 194 gold pieces.

Inventory:

Missiles
 d - a throwing net
Armour
 a - a +1 robe (worn)
Magical Staves
 g - a staff of conjuration (weapon)
Jewellery
 c - a +6 ring of strength (left hand)
Scrolls
 i - a scroll of enchant armour
 m - a scroll of immolation {unknown}
Potions
 b - 2 potions of magic
 e - a potion of flight
 f - 2 potions of brilliance
 h - 2 potions of heal wounds
 j - a potion of curing
 k - a potion of cancellation
 l - a potion of degeneration {unknown}
 n - a potion of invisibility {unknown}


   Skills:
 + Level 1.6 Staves
 * Level 5.0 Dodging
 + Level 4.2 Stealth
 * Level 5.6 Spellcasting
 + Level 5.3 Conjurations


You had 10 spell levels left.
You knew the following spells:

 Your Spells              Type           Power      Damage    Failure   Level
a - Magic Dart            Conj           100%       1d8       1%          1
b - Searing Ray           Conj           92%        2d7       1%          2
c - Dazzling Flash        Conj/Hex       56%        N/A       9%          3

Your spell library contained the following spells:

 Spells                   Type           Power      Damage    Failure   Level
 Kiss of Death            Conj/Necr      100%       2d13      3%          1
 Confusing Touch          Hex            6%         N/A       26%         3
 Fulminant Prism          Conj/Hex       14%        3d9       30%         4
 Iskenderun's Mystic Bla  Conj/Tloc      28%        2d7       30%         4
 Dispel Undead            Necr           6%         3d8       65%         4


Dungeon Overview and Level Annotations

Branches:
Dungeon (4/15)
 Temple: D:4-7

Altars:
Hepliaklqana
Qazlal
Ru
Uskayaw
Wu Jian
Xom
Yredelemnul
The Shining One

Annotations:
D:4 Edmund, Ijyb


Innate Abilities, Weirdness & Mutations

You have a pair of small horns on your head.
Your flesh is heat resistant. (rF+)
You have hidden genetic potential.


Message History

You kill the hobgoblin!
You can't see any susceptible monsters within range! (Use Z to cast anyway.)
You can't see any susceptible monsters within range! (Use Z to cast anyway.) Ijyb the Twisted Goblin comes into view.
She is wielding a +9 club and carrying a wand of iceblast (5).
You feel a surge of power!
The magic dart hits Ijyb.
Ijyb is lightly wounded.
Ijyb shouts!
You feel a surge of power!
The magic dart hits Ijyb but does no damage.
Ijyb is lightly wounded.
Ijyb hits you with a +9 club!
You feel a surge of power!
The magic dart hits Ijyb but does no damage.
Ijyb is lightly wounded.
Ijyb hits you with a +9 club!
You are too injured to fight recklessly!
You are too injured to fight recklessly!
You are too injured to fight recklessly!
You are too injured to fight recklessly!
You are too injured to fight recklessly!
Aiming: Searing Ray (safe; 1% risk of failure)
Press: ? - help, Q - select action, (/) - cycle Shift-Dir - straight line, f/p - Ijyb
Aim: Ijyb, wielding a +9 club, wearing a +0 ring mail and carrying a wand of iceblast (5) (lightly wounded, 80% to hit)
You feel a surge of power!
The searing ray hits Ijyb.
Ijyb is moderately wounded. (Press . to maintain the ray.) Ijyb hits you with a +9 club.
* * * LOW HITPOINT WARNING * * *
The searing ray hits Ijyb.
Ijyb is moderately wounded.
Ijyb hits you with a +9 club.
* * * LOW HITPOINT WARNING * * *
The searing ray hits Ijyb.
Ijyb is heavily wounded.
Ijyb misses you.
The searing ray hits Ijyb.
Ijyb is severely wounded.
You finish channelling your searing ray.
Ijyb hits you with a +9 club!
You die...

#. ...# ### .##.. 8
#.. ....... #.#
.Z#8... #.##s..P8..
#...†....# #
#<.#.....# .####
#..##.#######?.....
#..##....#.@..#
#..#####.#.#g.#
#........#.#..#
####.#####...#....
#....# ##.##.####
#.#### #.# .# #.#
#.# .. #.# #.# ##
#.# ###############


You could see Ijyb.

Vanquished Creatures
  Pargi (D:4)
  A scorpion (D:4)
  2 jellies (D:3)
  Robin (D:3)
  9 adders
  An adder skeleton (D:4)
  2 dart slugs
  An orc (D:4)
  9 ball pythons
  4 endoplasms
  5 giant cockroaches
  15 goblins
  8 hobgoblins
  7 jackals (D:2)
  4 quokkas
  8 bats
  3 frilled lizards
  7 kobolds
  4 rats
92 creatures vanquished.

Vanquished Creatures (others)
  A goblin (D:3)
  5 plants (D:3)
  5 toadstools (D:1)
  3 withered plants (D:4)
14 creatures vanquished.

Grand Total: 106 creatures vanquished

Notes
Turn   | Place    | Note
-------+----------+-------------------------------------------
     0 | D:1      | qeuew the Deep Elf Conjurer began the quest for the Orb.
     0 | D:1      | Reached XP level 1. HP: 10/10 MP: 6/6
   250 | D:1      | Found a faded altar of an unknown god.
   258 | D:1      | Reached XP level 2. HP: 15/15 MP: 6/8
   884 | D:2      | Reached XP level 3. HP: 19/19 MP: 8/10
   887 | D:2      | Learned a level 2 spell: Searing Ray
   891 | D:2      | Learned a level 3 spell: Dazzling Flash
  1155 | D:2      | Found a stormy altar of Qazlal.
  1167 | D:2      | Reached XP level 4. HP: 24/24 MP: 6/12
  1981 | D:2      | Identified a scroll of acquirement
  1981 | D:2      | Acquired a staff of conjuration
  2083 | D:3      | Noticed Robin
  2088 | D:3      | Killed Robin
  2118 | D:3      | Reached XP level 5. HP: 28/28 MP: 0/13
  2315 | D:3      | Reached skill level 5 in Conjurations
  2358 | D:3      | Found a shimmering altar of Xom.
  2371 | D:3      | Reached skill level 5 in Spellcasting
  2469 | D:3      | Found a glowing golden altar of the Shining One.
  2474 | D:3      | Found a basalt altar of Yredelemnul.
  2474 | D:3      | Found a stormy altar of Qazlal.
  2474 | D:3      | Found a sacrificial altar of Ru.
  2569 | D:3      | Found a hide-covered altar of Uskayaw.
  2681 | D:3      | Found an ornate altar of the Wu Jian Council.
  2774 | D:3      | Reached skill level 1 in Staves
  2838 | D:3      | Found a hazy altar of Hepliaklqana.
  3105 | D:3      | Gained mutation: You are vulnerable to heat. (rF-) [potion
                  | of mutation]
  3106 | D:3      | Lost mutation: You are vulnerable to heat. (rF-) [potion of
                  | mutation]
  3106 | D:3      | Gained mutation: You have hidden genetic potential. [potion
                  | of mutation]
  3106 | D:3      | Gained mutation: You have a pair of small horns on your
                  | head. [potion of mutation]
  3141 | D:4      | Noticed Pargi
  3149 | D:4      | Noticed Edmund
  3151 | D:4      | Killed Pargi
  3152 | D:4      | Reached XP level 6. HP: 32/32 MP: 4/16
  3158 | D:3      | Gained mutation: Your flesh is heat resistant. (rF+)
                  | [hidden potential]
  3205 | D:4      | Identified the +5 spear of Wondrous Power {vorpal, Stlth+}
  3262 | D:4      | Reached skill level 5 in Dodging
  3486 | D:4      | Noticed Ijyb
  3493 | D:4      | Slain by Ijyb

Illustrated notes

Levels and vault maps discovered:
D:1:      ldierk_walled_garden, layout_loops_ring,
          chequers_ecumenical_altar_simple_redux
D:2:      layout_loops_cross, basic_altar, minmay_box_of_dots
D:3:      layout_rooms, nicolae_hepliaklqana_hazy_memory, dk_xom_monty_hall,
          chequers_temple_overflow_statue_of_worship,
          nicolae_wu_jian_immortal_techniques, amcnicky_altar_gilded,
          kennysheep_donut, grunt_ministairs_7, uniq_robin
D:4:      layout_loops_ring, serial_undead, serial_undead_a, serial_undead_b,
          serial_undead_f, serial_undead_c, kennysheep_generic_room_2,
          uniq_blork_the_orc, uniq_ijyb, uniq_pargi, uniq_edmund, uniq_eustachio

Skill      XL: |  1  2  3  4  5  6 |
---------------+-------------------+-----
Dodging        | 3 4 5 |  5.0
Stealth        | 3 4 |  4.2
Spellcasting   | 4 5 |  5.6
Conjurations   | 5 |  5.3
Staves         | 1 |  1.6

Action                   |  1- 3 |  4- 6 || total
-------------------------+-------+-------++-------
Melee: Staff             |       |     6 ||     6
 Cast: Magic Dart        |    61 |   110 ||   171
       Searing Ray       |       |     3 ||     3
  Use: Scroll            |     1 |     6 ||     7
       Potion            |       |     5 ||     5
Armor: Robe              |       |     6 ||     6
Dodge: Dodged            |     2 |    26 ||    28

Table legend: (Time is in decaauts)
 A = Elapsed time spent in this place.
 B = Non-inter-level travel time spent in this place.
 C = Inter-level travel time spent in this place.
 D = Time resting spent in this place.
 E = Time spent auto-exploring this place.
 F = Levels seen in this place.
 G = Mean time per level.
                   A        B        C        D        E       F      G
               +--------+--------+--------+--------+--------+-----+--------+
         Total |   3493 |   3388 |    105 |      0 |   3036 |   4 |  873.2 |
       Dungeon |   3493 |   3388 |    105 |      0 |   3036 |   4 |  873.2 |
               +--------+--------+--------+--------+--------+-----+--------+

Top non-repeatable levels by time:
     D:2: 1179 daAuts
     D:3: 1178 daAuts
     D:1: 824 daAuts
     D:4: 311 daAuts
